 Dungeon Crawl Stone Soup version 0.27-b1-42-g19c61b19a5 (webtiles) character file.

Game seed: 16244014983010287765

60 Crownlay the Poker (level 4, -2/41 HPs)
             Began as a Gnoll Chaos Knight on July 29, 2021.
             Was a Plaything of Xom.
             Slain by a dart slug (4 damage)
             ... on level 2 of the Dungeon.
             The game lasted 00:02:35 (1079 turns).

Crownlay the Poker (Gnoll Chaos Knight)             Turns: 1079, Time: 00:02:36

Health: -2/41      AC:  5    Str: 12    XL:     4   Next: 4%
Magic:  3/5        EV: 12    Int: 11    God:    Xom [....*.]
Gold:   73         SH:  0    Dex: 12    Spells: 5/5 levels left

rFire    . . .     SeeInvis .   a - +0 spear (chaos)
rCold    . . .     Faith    .   (no shield)
rNeg     . . .     Spirit   .   b - +2 leather armour
rPois    .         Reflect  .   (no helmet)
rElec    .         Harm     .   (no cloak)
rCorr    .         Rampage  .   (no gloves)
Will     .....                  (no boots)
Stlth    +.........             (no amulet)
HPRegen  0.13/turn              (no ring)
MPRegen  0.09/turn              (no ring)

@: no status effects
A: fangs 1, strong nose, distributed training
a: Renounce Religion


You were on level 2 of the Dungeon.
You worshipped Xom.
You were a beloved toy of Xom.
You visited 1 branch of the dungeon, and saw 2 of its levels.

You collected 73 gold pieces.

Inventory:

Hand Weapons
 a - a +0 spear of chaos (weapon)
Armour
 b - a +2 leather armour (worn)
Scrolls
 c - a scroll of fear {unknown}
 d - a scroll of acquirement {unknown}
 f - 3 scrolls of identify {unknown}
Potions
 e - a potion of mutation {unknown}
 g - a potion of flight {unknown}


   Skills:
 + Level 6.5 Fighting
 + Level 1.0 Short Blades
 + Level 1.0 Long Blades
 + Level 1.0 Axes
 + Level 1.0 Maces & Flails
 + Level 6.5 Polearms
 + Level 1.0 Staves
 + Level 1.0 Slings
 + Level 1.0 Bows
 + Level 1.0 Crossbows
 + Level 1.0 Throwing
 + Level 4.6 Armour
 + Level 2.7 Dodging
 + Level 1.0 Stealth
 + Level 1.0 Shields
 + Level 1.0 Unarmed Combat
 + Level 1.0 Spellcasting
 + Level 0.7 Conjurations
 + Level 0.7 Hexes
 + Level 0.7 Summonings
 + Level 0.7 Necromancy
 + Level 0.7 Translocations
 + Level 0.7 Transmutations
 + Level 0.7 Fire Magic
 + Level 0.7 Ice Magic
 + Level 0.7 Air Magic
 + Level 0.7 Earth Magic
 + Level 0.7 Poison Magic
 + Level 1.1 Invocations
 + Level 1.0 Evocations


You had 5 spell levels left.
You didn't know any spells.
Your spell library was empty.

Dungeon Overview and Level Annotations

Branches:
Dungeon (2/15)

Altars:


Innate Abilities, Weirdness & Mutations

You have very sharp teeth.
Your uncanny sense of smell can sniff out nearby items.
Your experience applies equally to all skills.


Message History

Your Unarmed Combat skill increases to level 1!
Your Spellcasting skill increases to level 1!
Your Invocations skill increases to level 1!
Your Evocations skill increases to level 1!
You have reached level 4!
You feel stronger.
You closely miss the goblin. Something bites you but does no damage.
You hit the goblin.
You feel better.
The goblin is severely wounded.
The goblin hits you with a +0 club.
* * * LOW HITPOINT WARNING * * *
The endoplasm freezes you.
You are frozen.
* * * LOW HITPOINT WARNING * * *
Something barely misses you.
You closely miss the goblin.
The goblin is heavily wounded.
The goblin closely misses you. The endoplasm hits you.
* * * LOW HITPOINT WARNING * * *
Unknown command.
You closely miss the goblin.
The goblin is heavily wounded.
Something bites you but does no damage. The goblin hits you but does no damage.
You closely miss the goblin. You bite the goblin, but do no damage.
The goblin is heavily wounded.
The endoplasm barely misses you. Something bites you.
* * * LOW HITPOINT WARNING * * *
You hit the goblin. You freeze the goblin.
You kill the goblin!
The endoplasm hits you but does no damage.
Something bites you.
* * * LOW HITPOINT WARNING * * *
You hit the endoplasm. You freeze the endoplasm.
You kill the endoplasm!
Unknown command.
Unknown command.
Unknown command.
You hit something but do no damage. Something bites you.
You die... "I guess I need a new plaything now."

.# . .... ... .# .....
#.. #. .....
..#∆.∆#...##
#..#.#..B..## ..
#.#.#.#......
...####...){)....#
............@.....##
....................
##...............###
...............##
#.........!...########
#........####.#......#
#........# ........#
#####.##### ##......#
#.....# #......#


You could see a giant cockroach.

Vanquished Creatures
  Terence (D:2)
  An adder skeleton (D:2)
  5 endoplasms
  A giant cockroach (D:1)
  2 goblins
  3 hobgoblins (D:1)
  6 jackals (D:1)
  A kobold (D:1)
  2 quokkas
  A ball python (D:1)
  A bat (D:1)
  2 frilled lizards
  A rat (D:1)
27 creatures vanquished.

Notes
Turn   | Place    | Note
-------+----------+-------------------------------------------
     0 | D:1      | Crownlay the Gnoll Chaos Knight began the quest for the
                  | Orb.
     0 | D:1      | Reached XP level 1. HP: 23/23 MP: 1/1
    49 | D:1      | Found a faded altar of an unknown god.
   177 | D:1      | Reached XP level 2. HP: 18/29 MP: 2/2
   530 | D:1      | XOM: silly message
   571 | D:1      | XOM: scenery: 1 doors close
   728 | D:1      | XOM: divination: detect items
   742 | D:1      | Reached XP level 3. HP: 35/35 MP: 3/3
  1046 | D:2      | XOM: silly message
  1053 | D:2      | XOM: polymorph adder -> frilled lizard
  1060 | D:2      | Noticed Terence
  1071 | D:2      | Killed Terence
  1072 | D:2      | Reached skill level 1 in Short Blades
  1072 | D:2      | Reached skill level 1 in Long Blades
  1072 | D:2      | Reached skill level 1 in Axes
  1072 | D:2      | Reached skill level 1 in Maces & Flails
  1072 | D:2      | Reached skill level 1 in Staves
  1072 | D:2      | Reached skill level 1 in Slings
  1072 | D:2      | Reached skill level 1 in Bows
  1072 | D:2      | Reached skill level 1 in Crossbows
  1072 | D:2      | Reached skill level 1 in Throwing
  1072 | D:2      | Reached skill level 1 in Stealth
  1072 | D:2      | Reached skill level 1 in Shields
  1072 | D:2      | Reached skill level 1 in Unarmed Combat
  1072 | D:2      | Reached skill level 1 in Spellcasting
  1072 | D:2      | Reached skill level 1 in Invocations
  1072 | D:2      | Reached skill level 1 in Evocations
  1072 | D:2      | Reached XP level 4. HP: 12/41 MP: 3/5
  1077 | D:2      | HP: 2/41 [something (4)]
  1079 | D:2      | Slain by a dart slug

Illustrated notes

Levels and vault maps discovered:
D:1:      tarquinn_simple_flora_water_c, layout_loops_cross,
          hellmonk_ecumenical_altar_zigzags
D:2:      layout_rooms, minmay_tiny_reverse_x, uniq_terence

Skill      XL: |  1  2  3 |
---------------+----------+-----
Short Blades   | 1 |  1.0
Long Blades    | 1 |  1.0
Axes           | 1 |  1.0
Maces & Flails | 1 |  1.0
Staves         | 1 |  1.0
Slings         | 1 |  1.0
Bows           | 1 |  1.0
Crossbows      | 1 |  1.0
Throwing       | 1 |  1.0
Stealth        | 1 |  1.0
Shields        | 1 |  1.0
Unarmed Combat | 1 |  1.0
Spellcasting   | 1 |  1.0
Invocations    | 1 |  1.1
Evocations     | 1 |  1.0
Fighting       | |  6.5
Polearms       | |  6.5
Armour         | |  4.6
Dodging        | |  2.7
Conjurations   | |  0.7
Hexes          | |  0.7
Summonings     | |  0.7
Necromancy     | |  0.7
Translocations | |  0.7
Transmutations | |  0.7
Fire Magic     | |  0.7
Ice Magic      | |  0.7
Air Magic      | |  0.7
Earth Magic    | |  0.7
Poison Magic   | |  0.7

Action                   |  1- 3 |  4- 6 || total
-------------------------+-------+-------++-------
Melee: Spear             |   112 |     8 ||   120
       Bite              |    14 |     1 ||    15
 Stab: Sleeping          |     3 |       ||     3
Armor: Leather armour    |    24 |     4 ||    28
Dodge: Dodged            |    50 |     3 ||    53
